 Dungeon Crawl Stone Soup version 0.19-a0-1937-g70ed36a (webtiles) character file.

16 spe3d0 the Firebug (level 2, -3/15 HPs)
             Began as a Deep Elf Fire Elementalist on Oct 26, 2016.
             Slain by a gnoll
             ... wielding a +0 spear
              (5 damage)
             ... on level 2 of the Dungeon.
             The game lasted 00:01:43 (653 turns).

spe3d0 the Firebug (Deep Elf Fire Elementalist)      Turns: 653, Time: 00:01:44

Health: -3/15      AC:  2    Str:  5    XL:     2   Next: 41%
Magic:  8/8        EV: 13    Int: 19    God:
Gold:   25         SH:  0    Dex: 15    Spells: 2 memorised, 4 levels left

rFire  . . .     SeeInvis .     g - +0 dagger
rCold  . . .     Gourm    .     a - +0 robe
rNeg   . . .     Faith    .     (no shield)
rPois  .         Spirit   .     (no helmet)
rElec  .         Reflect  .     (no cloak)
rCorr  .         Harm     .     (no gloves)
MR     .....                    (no boots)
Stlth  ++........               (no amulet)
                                (no ring)
                                (no ring)

@: no status effects
A: no striking features
a: no special abilities


You were on level 2 of the Dungeon.
You were not hungry.

You visited 1 branch of the dungeon, and saw 2 of its levels.

You collected 25 gold pieces.


   Skills:
 * Level 2.8 Dodging
 * Level 2.9 Stealth
 * Level 3.2 Spellcasting
 - Level 1.1 Conjurations
 * Level 3.5 Fire Magic


You had 4 spell levels left.
You knew the following spells:

 Your Spells              Type           Power        Failure   Level  Hunger
f - Throw Flame           Conj/Fire      ##....       10%         2    ##.....
z - Flame Tongue          Conj/Fire      ##...        8%          1    None

Inventory:

Hand Weapons
 g - a +0 dagger (weapon)
Armour
 a - a +0 robe (worn)
 e - a +0 pair of boots
Scrolls
 f - a scroll of fog {unknown}
 h - 2 scrolls of recharging {unknown}
Potions
 i - a potion of cancellation {unknown}
 j - a potion of berserk rage {unknown}
Books
 b - a book of Flames

   Spells                             Type                      Level
   a - Flame Tongue                   Conjuration/Fire             1
   b - Throw Flame                    Conjuration/Fire             2
   c - Conjure Flame                  Conjuration/Fire             3
   d - Inner Flame                    Hexes/Fire                   3
   e - Sticky Flame                   Conjuration/Fire             4
   f - Fireball                       Conjuration/Fire             5
Comestibles
 c - 2 bread rations {@e1}
 d - a chunk of flesh

Dungeon Overview and Level Annotations

Branches:
Dungeon (2/15)

Altars:

#.# #.# # #.#
.# #.##.#
###...(# #
##......#...
##$.l.g......
#...l@r$.....
#...lg.......
#....g.......
#.....?......
#...........?
#............
##...........
##.....##...


You could see 3 gnolls, 3 frilled lizards and a rat.


Message History

A frilled lizard comes into view.
Casting: Throw Flame
Confirm with . or Enter, or press ? or * to list all spells.
Aiming: Throw Flame
Press: ? - help, Shift-Dir - straight line, f/p - gnoll
Aim: a gnoll, wielding a flail of venom (almost dead)
The puff of flame misses the gnoll.
The frilled lizard hisses angrily.
The rat barely misses you.
You climb upwards.
There is a stone staircase leading down here.
You start resting.
Your magical contamination has completely faded away.
Some of the chunks of flesh in your inventory have rotted away.
Magic restored.
You climb downwards.
The frilled lizard bites you. The frilled lizard misses you.
The rat misses you. The frilled lizard barely misses you.
The frilled lizard bites you but does no damage.
The gnoll hits you from afar with a spear!
* * * LOW HITPOINT WARNING * * *
The gnoll hits you with a spear.
* * * LOW HITPOINT WARNING * * *
There is a stone staircase leading up here.
The frilled lizard misses you. The rat closely misses you.
The frilled lizard closely misses you. The gnoll closely misses you.
The frilled lizard bites you.
* * * LOW HITPOINT WARNING * * *
The gnoll hits you with a spear.
You die...

Action                   || total
-------------------------++-------
Melee: Dagger            ||    11
 Cast: Flame Tongue      ||     9
       Throw Flame       ||     9
Armor: Robe              ||     2
Dodge: Dodged            ||    14

Vault maps used:
D:1:      onia_arrival_mini_spirals
D:2:      uniq_robin

Notes
Turn   | Place    | Note
-------+----------+-------------------------------------------
     0 | D:1      | spe3d0 the Deep Elf Fire Elementalist began the quest for the Orb.
     0 | D:1      | Reached XP level 1. HP: 10/10 MP: 6/6
   123 | D:1      | Reached XP level 2. HP: 15/15 MP: 6/8
   148 | D:1      | Learned a level 2 spell: Throw Flame
   653 | D:2      | Slain by a gnoll

Vanquished Creatures
  2 dart slugs (D:1)
  A leopard gecko (D:1)
  A bat (D:1)
  2 goblins (D:1)
  A hobgoblin (D:1)
  A jackal (D:1)
  A frilled lizard (D:1)
  A kobold (D:1)
  A rat (D:1)
11 creatures vanquished.
